 Dungeon Crawl Stone Soup version 0.20-a0-501-g0de2c2e (webtiles) character file.

37670 Dharzhak the Basher (level 13, -4/104 HPs)
             Began as a Hill Orc Fighter on Jan 19, 2017.
             Was an Initiate of Gozag.
             Slain by a sphinx (7 damage)
             ... summoned by Kirke
             ... on level 14 of the Dungeon.
             The game lasted 01:01:03 (18941 turns).

Dharzhak the Basher (Hill Orc Fighter)             Turns: 18941, Time: 01:01:04

Health: -4/104     AC: 21    Str: 25    XL:     13   Next: 98%
Magic:  13/13      EV:  9    Int:  8    God:    Gozag
Gold:   273        SH:  0    Dex: 18    Spells: 10/12 levels left

rFire    + . .     SeeInvis +   d - +1 broad axe
rCold    . . .     Gourm    .   r - +1 plate armour {rF+}
rNeg     . . .     Faith    .   c - +0 shield
rPois    +         Spirit   .   b - +0 helmet
rElec    .         Reflect  .   j - +0 cloak
rCorr    .         Harm     +   u - +0 pair of gloves
MR       .....                  (no boots)
Stlth    ..........             I - amulet of harm
Regen    0.3/turn               i - +6 ring of slaying
                                n - ring of see invisible

@: confused, mighty
A: agile 2, frail 1, poison resistance
a: Potion Petition, Call Merchant, Bribe Branch, Renounce Religion


You were on level 14 of the Dungeon.
You worshipped Gozag.
Gozag was aware of your devotion.
You were not hungry.

You visited 3 branches of the dungeon, and saw 16 of its levels.

You collected 3685 gold pieces.
You spent 1017 gold pieces at shops.
You paid 2395 gold pieces to Gozag.

Inventory:

Hand Weapons
 d - a +1 broad axe (weapon)
 t - a +3 morningstar
 G - the +3 flail of the Hidden Vale {flame, *Contam rElec MR+++}
   (You found it on level 7 of the Dungeon)

   It has been specially enchanted to burn those struck by it, causing extra
   injury to most foes and up to half again as much damage against particularly
   susceptible opponents.
   It insulates you from electricity.
   It affects your resistance to hostile enchantments.
   It causes magical contamination when unequipped.
Missiles
 a - 2 silver tomahawks
 x - 10 tomahawks (quivered)
Armour
 b - a +0 helmet (worn)
 c - a +0 shield (worn)
 j - a +0 cloak (worn)
 r - a +1 plate armour of fire resistance (worn)
 u - a +0 pair of gloves (worn)
Jewellery
 i - a +6 ring of slaying (right hand)
 n - a ring of see invisible (left hand)
 F - an uncursed amulet of magic regeneration
 I - an amulet of harm (around neck)
 K - an uncursed ring of protection from fire
Wands
 e - a wand of random effects (31/48)
 o - a wand of flame (48/48)
 v - a wand of digging (22/24)
 M - a wand of lightning (9/15)
Scrolls
 E - 3 scrolls of recharging
 J - 3 scrolls of teleportation
 N - 6 scrolls of remove curse
 X - 2 scrolls of identify
Potions
 l - 4 potions of lignification
 m - 4 potions of magic
 p - 2 potions of flight
 q - 4 potions of brilliance
 s - a potion of mutation
 B - a potion of ambrosia
 C - 8 potions of curing
 H - a potion of resistance
Books
 L - a book of Cantrips

   Spells                             Type                      Level
   a - Confusing Touch                Hexes                        1
   b - Animate Skeleton               Necromancy                   1
   c - Summon Small Mammal            Summoning                    1
   d - Apportation                    Translocation                1
 O - a book of Maledictions

   Spells                             Type                      Level
   a - Corona                         Hexes                        1
   b - Ensorcelled Hibernation        Hexes/Ice                    2
   c - Confuse                        Hexes                        3
   d - Tukima's Dance                 Hexes                        3
   e - Dazzling Spray                 Conjuration/Hexes            3
 P - a book of Minor Magic

   Spells                             Type                      Level
   a - Magic Dart                     Conjuration                  1
   b - Blink                          Translocation                2
   c - Call Imp                       Summoning                    2
   d - Repel Missiles                 Charms/Air                   2
   e - Slow                           Hexes                        2
   f - Conjure Flame                  Conjuration/Fire             3
   g - Mephitic Cloud                 Conjuration/Poison/Air       3
 V - a book of Flames

   Spells                             Type                      Level
   a - Flame Tongue                   Conjuration/Fire             1
   b - Throw Flame                    Conjuration/Fire             2
   c - Conjure Flame                  Conjuration/Fire             3
   d - Inner Flame                    Hexes/Fire                   3
   e - Sticky Flame                   Conjuration/Fire             4
   f - Fireball                       Conjuration/Fire             5
 Z - a book of Geomancy

   Spells                             Type                      Level
   a - Sandblast                      Earth                        1
   b - Passwall                       Transmutation/Earth          2
   c - Stone Arrow                    Conjuration/Earth            3
   d - Petrify                        Transmutation/Earth          4
   e - Lee's Rapid Deconstruction     Earth                        5
Comestibles
 f - 2 bread rations
 A - 11 meat rations


   Skills:
 + Level 11.6 Fighting
 + Level 12.2(15.2) Axes
 + Level 13.0(14.3) Maces & Flails
 + Level 11.9 Armour
 + Level 3.6 Dodging
 + Level 2.7 Stealth
 + Level 11.3 Shields
 + Level 0.2 Evocations


You had 10 spell levels left.
You knew the following spells:

 Your Spells              Type           Power        Failure   Level  Hunger
a - Repel Missiles        Chrm/Air       #.....       100%        2    ###....


Dungeon Overview and Level Annotations

Branches:
Dungeon (14/15)            Temple (1/1) D:6            Lair (0/6) D:9
    Orc (1/2) D:12         Vaults (0/5) D:13

Altars:
Ashenzari
Cheibriados
Dithmenos
Elyvilon
Gozag
Kikubaaqudgha
Makhleb
Okawaru
Ru
Uskayaw
Vehumet
Xom
Yredelemnul
Zin

Shops:
D:10 [   D:12 }   Orc:1 }*[*

Annotations:
D:14 Kirke


Innate Abilities, Weirdness & Mutations

You are very agile. (Dex +4)
You are frail. (-10% HP)
Your system is resistant to poisons. (rPois)


Message History

Kirke hits you but does no damage.
You are confused.
You feel invigorated. The sphinx hits you!
* * * LOW HITPOINT WARNING * * *
The sphinx hits you but does no damage. The sphinx closely misses you.
Kirke points at you and mumbles some strange words.
You struggle to resist.
You bump into the rock wall.
The sphinx hits you.
* * * LOW HITPOINT WARNING * * *
The sphinx misses you. The sphinx hits you.
* * * LOW HITPOINT WARNING * * *
Kirke points at you and mumbles some strange words.
You struggle to resist.
You bump into the rock wall.
The sphinx misses you. The sphinx hits you.
* * * LOW HITPOINT WARNING * * *
The sphinx hits you but does no damage. Kirke hits you.
* * * LOW HITPOINT WARNING * * *
The sphinx hits you.
You die...
Your body crumbles into a pile of gold.

.........#
...####..# .
#..# #. #..#
#...####..#
#########
#.........#
#.......###
#.........#
#>......#..
#.#######H#
#.####.<#..
#@# #.# #..#..
#######@# #.#
#..#..
......hz# #.#
#..#..
.....hHh#
#.####..#..
......hh#
#.......###
........#
####'#.....
........#
..^.....#..###
........#
........#..#
........#
........#..#


You could see Kirke (invisible), a sphinx, a harpy, 5 hogs and a wight.

Vanquished Creatures
  An orc warlord (Orc:1)
  Erolcha (D:13)
  4 vault guards (D:13)
  A hydra (D:7)
  6 two-headed ogres
  3 death yaks (D:9)
  2 tengu warriors (D:13)
  An orc high priest (Orc:1)
  Sonja (D:13)
  3 unseen horrors
  An orc knight (Orc:1)
  An orc sorcerer (Orc:1)
  3 ugly things
  A cyclops (Orc:1)
  2 deep elf magi (D:13)
  4 manticores
  A centaur zombie (D:13)
  2 tengu conjurers (D:13)
  5 trolls
  8 slime creatures
  2 hippogriffs
  A harpy skeleton (D:14)
  3 wyverns
  A spriggan (D:9)
  16 yaks
  A wraith (D:11)
  A basilisk (D:14)
  2 hungry ghosts
  Grum (D:8)
  2 wargs (Orc:1)
  A soldier ant (D:13)
  3 water moccasins
  A swamp drake (D:12)
  9 ice beasts
  A black bear (D:12)
  2 sky beasts
  16 orc warriors
  An eye of draining (D:10)
  6 ogres
  A necrophage (D:6)
  2 wolves (D:8)
  12 centaurs
  8 bullfrogs
  A gnoll sergeant (D:12)
  A wyvern zombie (D:11)
  5 scorpions
  18 killer bees
  3 wights
  12 crimson imps
  3 bullfrog zombies
  2 jellies
  21 orc wizards
  13 hounds
  12 orc priests
  A gnoll shaman (D:9)
  3 bullfrog skeletons
  4 centaur skeletons
  Jessica (D:3)
  Natasha (D:4)
  3 iguanas
  7 worker ants
  A killer bee zombie (D:8)
  A worker ant zombie (D:8)
  Robin (D:2)
  31 gnolls
  9 adders
  2 shadow imps
  An adder skeleton (D:4)
  3 worms
  10 leopard geckos
  64 orcs
  10 bats
  4 giant cockroaches
  2 gnoll zombies (D:3)
  15 goblins
  12 hobgoblins
  6 jackals
  10 kobolds
  2 quokkas
  A ball python (D:1)
  7 frilled lizards
  A leopard gecko skeleton (D:7)
  8 rats
456 creatures vanquished.

Vanquished Creatures (others)
  A centaur (D:5)
  5 plants (D:2)
6 creatures vanquished.

Grand Total: 462 creatures vanquished

Notes
Turn   | Place    | Note
-------+----------+-------------------------------------------
     0 | D:1      | Dharzhak the Hill Orc Fighter began the quest for the Orb.
     0 | D:1      | Reached XP level 1. HP: 19/19 MP: 1/1
   177 | D:1      | Reached XP level 2. HP: 27/27 MP: 2/2
   887 | D:1      | Reached XP level 3. HP: 33/33 MP: 3/3
  1159 | D:2      | Reached XP level 4. HP: 40/40 MP: 4/4
  1838 | D:2      | Reached XP level 5. HP: 40/47 MP: 5/5
  2352 | D:2      | Reached skill level 5 in Axes
  2384 | D:2      | Noticed Robin
  2467 | D:2      | Killed Robin
  2658 | D:2      | Found a white marble altar of Elyvilon.
  2667 | D:2      | Found a burning altar of Makhleb.
  2712 | D:3      | Reached XP level 6. HP: 49/53 MP: 6/6
  2745 | D:3      | Reached skill level 1 in Dodging
  2787 | D:3      | You fall through a shaft!
  3008 | D:3      | Noticed Jessica
  3015 | D:3      | Killed Jessica
  3105 | D:3      | Reached skill level 5 in Fighting
  3105 | D:3      | Reached XP level 7. HP: 33/61 MP: 7/7
  3376 | D:3      | Found a basalt altar of Yredelemnul.
  3502 | D:3      | Reached skill level 5 in Shields
  4045 | D:4      | You fall through a shaft!
  4045 | D:5      | Entered Level 5 of the Dungeon
  4211 | D:4      | Noticed Natasha
  4216 | D:4      | Killed Natasha
  4694 | D:5      | Reached XP level 8. HP: 35/69 MP: 8/8
  5218 | D:5      | Reached skill level 5 in Armour
  6182 | D:6      | Found a staircase to the Ecumenical Temple.
  6192 | Temple   | Entered the Ecumenical Temple
  6198 | Temple   | Became a worshipper of Gozag Ym Sagoz the Greedy
  6485 | D:6      | Reached XP level 9. HP: 75/75 MP: 9/9
  6504 | D:6      | Found a snail-covered altar of Cheibriados.
  6504 | D:6      | Found a sacrificial altar of Ru.
  6510 | D:6      | Found an ancient bone altar of Kikubaaqudgha.
  6510 | D:6      | Found a shadowy altar of Dithmenos.
  6702 | D:6      | Found a glowing silver altar of Zin.
  6781 | D:6      | Reached skill level 10 in Axes
  7457 | D:7      | Noticed a seven-headed hydra
  7466 | D:7      | Killed a seven-headed hydra
  7466 | D:7      | Reached skill level 1 in Maces & Flails
  7965 | D:7      | Got a polished flail
  7966 | D:7      | Identified the cursed +3 flail of the Hidden Vale {flame, *Contam rElec MR+++} (You found it on level 7 of the Dungeon)
  8086 | D:7      | Found a radiant altar of Vehumet.
  8186 | D:7      | Found a shattered altar of Ashenzari.
  8405 | D:8      | Reached skill level 2 in Maces & Flails
  8511 | D:8      | Found a hide-covered altar of Uskayaw.
  8511 | D:8      | Noticed a hand axe
  8513 | D:8      | Noticed a dagger
  8716 | D:8      | Reached XP level 10. HP: 80/86 MP: 10/10
  8717 | D:8      | Reached skill level 3 in Maces & Flails
  8818 | D:8      | Noticed a two-headed ogre
  8819 | D:8      | Noticed a two-headed ogre
  8826 | D:8      | Killed a two-headed ogre
  8826 | D:8      | Reached skill level 4 in Maces & Flails
  8838 | D:8      | Noticed Grum
  8843 | D:8      | Noticed a two-headed ogre
  8851 | D:8      | Reached skill level 5 in Maces & Flails
  8853 | D:8      | Killed a two-headed ogre
  8865 | D:8      | Killed a two-headed ogre
  8865 | D:8      | Reached skill level 6 in Maces & Flails
  8865 | D:8      | Reached skill level 1 in Stealth
  8868 | D:8      | Killed Grum
  9503 | D:9      | Reached skill level 7 in Maces & Flails
  9592 | D:9      | Learned a level 2 spell: Repel Missiles
  9658 | D:9      | Reached XP level 11. HP: 95/95 MP: 11/11
  9748 | D:9      | Noticed a death yak
  9750 | D:9      | Noticed a death yak
  9753 | D:9      | Noticed a death yak
  9763 | D:9      | Killed a death yak
  9774 | D:9      | Killed a death yak
  9774 | D:9      | Reached skill level 8 in Maces & Flails
  9781 | D:9      | Killed a death yak
 10188 | D:9      | Found a staircase to the Lair.
 10483 | D:9      | Noticed a manticore
 10492 | D:9      | Killed a manticore
 10544 | D:10     | Entered Level 10 of the Dungeon
 10630 | D:10     | Found an opulent altar of Gozag.
 10795 | D:10     | Found Naroih's Antique Armour Shop.
 10870 | D:10     | Reached skill level 9 in Maces & Flails
 11177 | D:11     | Got a pitted leather armour
 11206 | D:11     | Identified the cursed +1 leather armour "Uddurchu" {Int+3 Dex+3} (You found it on level 11 of the Dungeon)
 11540 | D:11     | Noticed a two-headed ogre
 11645 | D:11     | Killed a two-headed ogre
 11645 | D:11     | Reached skill level 10 in Maces & Flails
 11645 | D:11     | Reached XP level 12. HP: 55/104 MP: 12/12
 12112 | D:12     | Reached skill level 10 in Armour
 12237 | D:12     | Found Pulah's Gadget Boutique.
 12463 | D:12     | Found a staircase to the Orcish Mines.
 12891 | D:12     | Reached skill level 11 in Maces & Flails
 13054 | D:13     | Reached skill level 10 in Shields
 13196 | D:13     | Reached skill level 10 in Fighting
 13625 | D:13     | Found a sacrificial altar of Ru.
 13685 | D:13     | Noticed Erolcha
 13690 | D:13     | Killed Erolcha
 13749 | D:13     | Found a gate to the Vaults.
 13749 | D:13     | Noticed a vault guard
 13749 | D:13     | Noticed a vault guard
 13749 | D:13     | Noticed a vault guard
 13753 | D:13     | Noticed a two-headed ogre
 13759 | D:13     | Killed a two-headed ogre
 13782 | D:13     | Killed a vault guard
 13782 | D:13     | Reached skill level 12 in Maces & Flails
 13782 | D:13     | Reached XP level 13. HP: 67/114 MP: 13/13
 13793 | D:13     | Killed a vault guard
 13799 | D:13     | Killed a vault guard
 14068 | D:13     | Noticed a vault guard
 14082 | D:13     | Killed a vault guard
 14144 | D:13     | Noticed Sonja
 14167 | D:13     | Killed Sonja
 15117 | D:13     | HP: 4/116 [deep elf mage/bolt of fire (18)]
 16021 | Orc:1    | Entered Level 1 of the Orcish Mines
 16030 | Orc:1    | Found Otadidgh's Armour Shoppe.
 16033 | Orc:1    | Found Lyror's General Store.
 16048 | Orc:1    | Bought a +0 plate armour of fire resistance for 450 gold pieces
 16068 | Orc:1    | Found Xessoag's Antique Armour Boutique.
 16702 | Orc:1    | Noticed an orc warlord
 16722 | Orc:1    | Killed an orc warlord
 16947 | D:12     | Reached skill level 13 in Maces & Flails
 17086 | D:12     | Gained mutation: Your system is resistant to poisons. (rPois) [potion of mutation]
 17086 | D:12     | Gained mutation: You are agile. (Dex +2) [potion of mutation]
 17086 | D:12     | Gained mutation: You are very agile. (Dex +4) [potion of mutation]
 17152 | Orc:1    | Found Eschilugaf's Assorted Antiques.
 17161 | Orc:1    | Bought a scroll labeled MOOSYG UMAOCOPP for 27 gold pieces
 17161 | Orc:1    | Bought a scroll labeled NUOPSA PAUH for 27 gold pieces
 17161 | Orc:1    | Bought a potion of might for 108 gold pieces
 17161 | Orc:1    | Bought a potion of might for 108 gold pieces
 17161 | Orc:1    | Bought a potion of curing for 81 gold pieces
 17161 | Orc:1    | Found Ollerphex's Quality Used Wands.
 17253 | Orc:1    | Bought a potion of curing for 42 gold pieces
 17480 | Orc:1    | Bought a meat ration for 70 gold pieces
 17520 | Orc:1    | Bought a wand of digging (0/24) for 104 gold pieces
 17536 | Orc:1    | Gained mutation: You are frail. (-10% HP) [mutagenic glow]
 17752 | Orc:1    | HP: 1/104 [orc high priest/divine providence (19)]
 18913 | D:14     | Noticed Kirke
 18929 | D:14     | Noticed a sphinx
 18941 | D:14     | HP: 3/104 [Kirke (6)]
 18941 | D:14     | Slain by a sphinx

Vault maps used:
D:1:      kilobyte_arrival_exit_the_forest
D:2:      nicolae_overflow_hidden_temple, serial_bayou_lagoon_a,
          kennysheep_generic_room_6, uniq_robin
D:3:      lemuel_zombie_altar_yredelemnul, first_bread, uniq_jessica
D:4:      uniq_natasha
D:5:      lemuel_ice_spiral_2
D:6:      kennysheep_mini, minitemple, st_stairs_5
D:7:      marbit_many_paths, vehumet_altar_wand_db
D:8:      dancing_weapons_uskayaw, uniq_grum
D:9:      dpeg_lair_monsters, the_bakery
D:10:     serial_shops, nicolae_shop_waterfront,
          nicolae_gozag_cash_rules_everything_around_me
D:12:     erik_orc_1, serial_shops, shop
D:13:     lightli_vaults_fourway_checkpoint, basic_altar, billiards_dpeg,
          uniq_erolcha, uniq_sonja
D:14:     grunt_decor_fettered, uniq_kirke, uniq_frances
Temple:   eino_wide_crystal_templ
Orc:1:    serial_shops, shop_fountains, shop, shop, shop,
          nicolae_for_you_no_charge

Skill      XL: |  1  2  3  4  5  6  7  8  9 10 11 12 13 |
---------------+----------------------------------------+-----
Fighting       | 4 5 6 7 8 9 10 11 | 11.6
Axes           | 3 4 5 6 8 9 11 12 | 12.2
Shields        | 4 5 6 7 8 9 10 11 | 11.3
Armour         | 4 5 7 8 9 10 11 | 11.9
Dodging        | 1 2 3 |  3.6
Maces & Flails | 2 7 10 12 13 | 13.0
Stealth        | 1 2 |  2.7
Evocations     | |  0.2

Action                   |  1- 3 |  4- 6 |  7- 9 | 10-12 | 13-15 || total
-------------------------+-------+-------+-------+-------+-------++-------
Melee: War axe           |    76 |   232 |   230 |       |       ||   538
       Flail             |       |       |    35 |   455 |   241 ||   731
       Morningstar       |       |       |     4 |       |       ||     4
       Broad axe         |       |       |       |       |   104 ||   104
       Unarmed           |       |       |       |       |     3 ||     3
Invok: Potion Petition   |       |       |     1 |       |     4 ||     5
Evoke: Wand              |       |       |       |       |     2 ||     2
  Use: Scroll            |       |       |    11 |     5 |    16 ||    32
       Potion            |       |       |       |    11 |    10 ||    21
 Stab: Distracted        |       |       |       |     5 |       ||     5
       Confused          |       |       |       |     1 |       ||     1
       Invisible         |       |       |       |       |     1 ||     1
  Eat: Chunk             |     1 |     7 |     7 |       |       ||    15
       Bread ration      |       |       |     2 |     2 |     4 ||     8
       Royal jelly       |       |       |     1 |       |       ||     1
       Beef jerky        |       |       |       |     4 |     1 ||     5
       Pizza             |       |       |       |     2 |       ||     2
Armor: Scale mail        |    24 |   135 |    32 |       |       ||   191
       Chain mail        |       |       |   123 |   121 |       ||   244
       Plate armour      |       |       |       |    49 |   225 ||   274
Dodge: Dodged            |    29 |    97 |    64 |   111 |    83 ||   384
Block: Shield            |    39 |   178 |   159 |   243 |   206 ||   825
